 Dungeon Crawl Stone Soup version 0.25.1-2-g60ff931df9 (webtiles) character file.

Game seed: 16644062989289159252

2849 DerDa the Carver (level 9, -11/74 HPs)
             Began as a Gnoll Wanderer on Oct 9, 2020.
             Was an Initiate of Makhleb.
             Mangled by a wyvern (20 damage)
             ... on level 7 of the Dungeon.
             The game lasted 00:17:33 (8200 turns).

DerDa the Carver (Gnoll Wanderer)                   Turns: 8200, Time: 00:17:34

Health: -11/74     AC:  4    Str: 13    XL:     9   Next: 74%
Magic:  15/15      EV: 13    Int: 16    God:    Makhleb [......]
Gold:   436        SH:  0    Dex: 24    Spells: 16/16 levels left

rFire    . . .     SeeInvis .   h - +5 spear (venom)
rCold    . . .     Gourm    .   (no shield)
rNeg     . . .     Faith    .   z - +1 robe {MR+}
rPois    +         Spirit   .   D - +0 helmet
rElec    .         Reflect  .   (no cloak)
rCorr    .         Harm     .   (no gloves)
MR       +....                  (no boots)
Stlth    +++.......             (no amulet)
HPRegen  0.22/turn              c - ring of poison resistance
MPRegen  0.14/turn              E - +6 ring of dexterity

@: no status effects
A: distributed training, fangs 1, strong nose
a: Renounce Religion


You were on level 7 of the Dungeon.
You worshipped Makhleb.
Makhleb was noncommittal.
You were not hungry.

You visited 2 branches of the dungeon, and saw 9 of its levels.

You collected 436 gold pieces.

Inventory:

Hand Weapons
 a - a +2 shortbow
 h - a +5 spear of venom (weapon)
Missiles
 b - 174 arrows
 g - 30 poisoned darts
 o - 197 stones (quivered)
Armour
 r - a +0 buckler
 u - a cursed +0 tower shield
 z - a +1 robe of magic resistance (worn)
 D - a +0 helmet (worn)
Jewellery
 c - a ring of poison resistance (left hand)
 t - an uncursed ring of protection from fire
 x - a +6 ring of intelligence
 E - a +6 ring of dexterity (right hand)
 G - an uncursed ring of fire
Wands
 B - a wand of polymorph (5)
Scrolls
 d - a scroll of noise {unknown}
 i - a scroll of summoning {unknown}
 j - a scroll of immolation
 l - 6 scrolls of remove curse
 m - 6 scrolls of teleportation
 v - a scroll of blinking {unknown}
 w - 2 scrolls of amnesia
 y - 3 scrolls of fog
 A - 3 scrolls of enchant weapon
 H - 2 scrolls of magic mapping {unknown}
 I - 2 scrolls of fear {unknown}
 J - 3 scrolls of identify
Potions
 e - a potion of invisibility
 k - 2 potions of brilliance {unknown}
 n - a potion of mutation {unknown}
 p - 4 potions of heal wounds
 q - a potion of ambrosia {unknown}
 s - 3 potions of degeneration {unknown}
 C - a potion of stabbing {unknown}
 F - 3 potions of lignification
 L - a potion of haste {unknown}
Comestibles
 f - 12 rations


   Skills:
 + Level 8.0(4.0) Fighting
 + Level 4.4(2.2) Short Blades
 + Level 8.0(4.0) Long Blades
 + Level 4.4(2.2) Axes
 + Level 4.4(2.2) Maces & Flails
 + Level 4.4(2.2) Polearms
 + Level 4.4(2.2) Staves
 + Level 4.4(2.2) Slings
 + Level 5.2(2.6) Bows
 + Level 4.4(2.2) Crossbows
 + Level 4.4(2.2) Throwing
 + Level 5.2(2.6) Armour
 + Level 4.4(2.2) Dodging
 + Level 5.1(2.5) Stealth
 + Level 4.4(2.2) Shields
 + Level 4.4(2.2) Unarmed Combat
 + Level 4.4(2.2) Spellcasting
 + Level 3.6(1.8) Conjurations
 + Level 3.6(1.8) Hexes
 + Level 3.6(1.8) Charms
 + Level 3.6(1.8) Summonings
 + Level 3.6(1.8) Necromancy
 + Level 3.6(1.8) Translocations
 + Level 3.6(1.8) Transmutations
 + Level 3.6(1.8) Fire Magic
 + Level 3.6(1.8) Ice Magic
 + Level 3.6(1.8) Air Magic
 + Level 3.6(1.8) Earth Magic
 + Level 3.6(1.8) Poison Magic
 + Level 4.9(2.4) Invocations
 + Level 5.2(2.6) Evocations


You had 16 spell levels left.
You didn't know any spells.
Your spell library was empty.

Dungeon Overview and Level Annotations

Branches:
Dungeon (8/15)             Temple (1/1) D:6
   Lair: D:8-11

Altars:
Ashenzari
Cheibriados
Dithmenos
Elyvilon
Fedhas
Gozag
Hepliaklqana
Kikubaaqudgha
Makhleb
Nemelex Xobeh
Okawaru
Qazlal
Ru
Sif Muna
Trog
Uskayaw
Vehumet
Wu Jian
Xom
Yredelemnul
Zin
The Shining One

Shops:
D:4 }

Annotations:
D:6 1 runed translucent door, Gaxx's ghost, novice DsGl


Innate Abilities, Weirdness & Mutations

Your experience applies equally to all skills.
You have very sharp teeth.
Your uncanny sense of smell can sniff out nearby items.


Message History

Your base Long Blades skill increases to level 8!
You feel a bit more experienced. The orc hits you with a +0 trident.
The wyvern bites you!
* * * LOW HITPOINT WARNING * * *
The orc closely misses you.
An orc priest comes into view. It is wielding a +0 hand axe.
There is a stone staircase leading up here.
The orc priest shouts!
The wyvern barely misses you. The orc barely misses you. The wyvern bites you.
* * * LOW HITPOINT WARNING * * *
You climb upwards.
There is a stone staircase leading down here.
You closely miss the wyvern.
The wyvern is severely wounded.
The wyvern barely misses you. The orc closely misses you.
You hit the wyvern but do no damage.
The wyvern looks even sicker.
Your bite misses the wyvern.
The wyvern is severely wounded.
The wyvern bites you!!
You die...

######...##
#.........#
#.####....#
#.# ##.#.#
#.# #.#.#
#.#
#.#.########
#.#
#...........
#l#
##.......###
#@#
#..####.#
#o# #..#
#.### #.#
#..# #.##.
#.######..#
#.##.
#.........#
##.##.
########.##
#..... #.#
#..... #.#
#.###. #.#
#.# #.


You could see a wyvern (very poisoned) and an orc.

Vanquished Creatures
  Pikel (D:4)
  A hornet (D:8)
  A hog (D:4)
  A water moccasin (D:4)
  A slave (D:4)
  2 sky beasts (D:5)
  3 ogres
  2 necrophages (D:6)
  Blork the orc (D:4)
  2 bullfrogs (D:6)
  2 scorpions
  3 killer bees (D:7)
  5 wights (D:7)
  A howler monkey (D:6)
  2 crimson imps
  4 hounds
  4 orc priests
  2 jellies
  A centaur skeleton (D:5)
  4 orc wizards
  3 iguanas
  A worker ant (D:4)
  Terence (D:2)
  A hound skeleton (D:4)
  3 gnolls (D:2)
  7 adders
  An adder zombie (D:5)
  2 adder skeletons (D:4)
  5 worms
  3 dart slugs (D:2)
  2 leopard geckos
  22 orcs
  4 ball pythons
  10 bats
  3 giant cockroaches (D:3)
  19 goblins
  4 hobgoblins
  6 jackals
  8 kobolds
  2 quokkas
  5 frilled lizards
  A quokka skeleton (D:6)
  5 rats
161 creatures vanquished.

Vanquished Creatures (others)
  A slave (D:4)
  A scorpion (D:4)
  A hound (D:4)
  2 orc priests (D:4)
  A bullfrog skeleton (D:4)
  An orc wizard (D:4)
  Robin (D:4)
  5 orcs (D:4)
  3 goblins (D:4)
  A hobgoblin (D:4)
17 creatures vanquished.

Grand Total: 178 creatures vanquished

Notes
Turn   | Place    | Note
-------+----------+-------------------------------------------
     0 | D:1      | DerDa the Gnoll Wanderer began the quest for the Orb.
     0 | D:1      | DerDa set off with the following items: a +2 shortbow, 21
                  | arrows, a potion of lignification, a +0 falchion, a +0
                  | robe, a ration
     0 | D:1      | Reached XP level 1. HP: 23/23 MP: 2/2
   337 | D:1      | Reached XP level 2. HP: 27/29 MP: 3/3
  1010 | D:2      | Reached XP level 3. HP: 32/35 MP: 4/4
  1022 | D:2      | Reached skill level 1 in Invocations
  1047 | D:2      | Reached skill level 1 in Short Blades
  1047 | D:2      | Reached skill level 1 in Axes
  1047 | D:2      | Reached skill level 1 in Maces & Flails
  1047 | D:2      | Reached skill level 1 in Polearms
  1047 | D:2      | Reached skill level 1 in Staves
  1047 | D:2      | Reached skill level 1 in Slings
  1047 | D:2      | Reached skill level 1 in Crossbows
  1047 | D:2      | Reached skill level 1 in Throwing
  1047 | D:2      | Reached skill level 1 in Dodging
  1047 | D:2      | Reached skill level 1 in Shields
  1047 | D:2      | Reached skill level 1 in Unarmed Combat
  1047 | D:2      | Reached skill level 1 in Spellcasting
  1047 | D:2      | Reached XP level 4. HP: 6/41 MP: 4/6
  1060 | D:2      | HP: 2/41 [poisoned by an adder]
  1715 | D:2      | Noticed Terence
  1727 | D:2      | Reached skill level 1 in Conjurations
  1727 | D:2      | Reached skill level 1 in Hexes
  1727 | D:2      | Reached skill level 1 in Charms
  1727 | D:2      | Reached skill level 1 in Summonings
  1727 | D:2      | Reached skill level 1 in Necromancy
  1727 | D:2      | Reached skill level 1 in Translocations
  1727 | D:2      | Reached skill level 1 in Transmutations
  1727 | D:2      | Reached skill level 1 in Fire Magic
  1727 | D:2      | Reached skill level 1 in Ice Magic
  1727 | D:2      | Reached skill level 1 in Air Magic
  1727 | D:2      | Reached skill level 1 in Earth Magic
  1727 | D:2      | Reached skill level 1 in Poison Magic
  1727 | D:2      | Reached XP level 5. HP: 45/47 MP: 7/7
  1737 | D:2      | Killed Terence
  2568 | D:3      | Reached XP level 6. HP: 53/53 MP: 8/8
  2674 | D:3      | Found a sparkling altar of Nemelex Xobeh.
  3009 | D:4      | Noticed Blork the orc
  3018 | D:4      | Killed Blork the orc
  3042 | D:4      | Found a stormy altar of Qazlal.
  3167 | D:4      | Found Exoz's Gadget Boutique.
  3190 | D:4      | Noticed a slave
  3191 | D:4      | Noticed a slave
  3193 | D:4      | Noticed Pikel
  3193 | D:4      | Noticed a slave
  3195 | D:4      | Noticed a slave
  3200 | D:4      | Noticed Robin
  3228 | D:4      | Killed a slave
  3241 | D:4      | Killed Pikel
  3241 | D:4      | Reached XP level 7. HP: 44/60 MP: 9/11
  3246 | D:4      | Noticed a hog
  3246 | D:4      | a freed slave changed into a hog
  3248 | D:4      | Killed Robin
  3481 | D:4      | Reached XP level 8. HP: 48/67 MP: 12/12
  3789 | D:4      | Killed a hog
  3962 | D:4      | Found a shimmering altar of Xom.
  4220 | D:5      | Entered Level 5 of the Dungeon
  4929 | D:5      | Found an opulent altar of Gozag.
  5176 | D:5      | Reached XP level 9. HP: 72/72 MP: 14/14
  5908 | D:6      | Found a staircase to the Ecumenical Temple.
  5917 | Temple   | Entered the Ecumenical Temple
  6011 | Temple   | Became a worshipper of Ashenzari the Shackled
  6417 | D:6      | Found a sacrificial altar of Ru.
  6474 | D:6      | Found a runed translucent door.
  6708 | D:6      | Noticed Gaxx's ghost (novice DsGl)
  6708 | D:6      | Noticed a guardian serpent
  7004 | D:7      | Found a burning altar of Makhleb.
  7005 | D:7      | Found a radiant altar of Vehumet.
  7021 | D:7      | Fell from the grace of Ashenzari
  7021 | D:7      | Became a worshipper of Makhleb the Destroyer
  7123 | D:7      | Reached skill level 5 in Bows
  7123 | D:7      | Reached skill level 5 in Armour
  7123 | D:7      | Reached skill level 5 in Evocations
  7404 | D:7      | Reached skill level 5 in Stealth
  8184 | D:8      | Noticed a hornet
  8195 | D:8      | Killed a hornet
  8200 | D:7      | Mangled by a wyvern

Illustrated notes

Levels and vault maps discovered:
D:1:      nagdon_arrival_double_spiral, layout_basic
D:2:      layout_loops_ring, uniq_terence
D:3:      layout_loops_cross, lemuel_crystal_altar, first_ration
D:4:      minmay_spotlight, layout_basic, lemuel_round_altar, xom_teletrap_fun,
          serial_shops, shop, uniq_pikel, uniq_robin, uniq_blork_the_orc
D:5:      layout_basic, nicolae_gozag_cash_rules_everything_around_me
D:6:      layout_cave_pods, kennysheep_mini_moat, temple_statues,
          ebering_ghost_inner_flame
D:7:      layout_loops_ring, grunt_temple_overflow_lords_of_destruction
D:8:      layout_basic, serial_shops, shop, serial_glass, glass_columns_a,
          glass_columns_b, glass_columns_b, glass_columns_c, glass_columns_a,
          glass_columns_c
Temple:   regret_index_temple_waves

Skill      XL: |  1  2  3  4  5  6  7  8  9 |
---------------+----------------------------+-----
Invocations    | 1 2 3 4 |  4.9
Short Blades   | 1 2 3 4 |  4.4
Axes           | 1 2 3 4 |  4.4
Maces & Flails | 1 2 3 4 |  4.4
Polearms       | 1 2 3 4 |  4.4
Staves         | 1 2 3 4 |  4.4
Slings         | 1 2 3 4 |  4.4
Crossbows      | 1 2 3 4 |  4.4
Throwing       | 1 2 3 4 |  4.4
Dodging        | 1 2 3 4 |  4.4
Shields        | 1 2 3 4 |  4.4
Unarmed Combat | 1 2 3 4 |  4.4
Spellcasting   | 1 2 3 4 |  4.4
Conjurations   | 1 2 3 |  3.6
Hexes          | 1 2 3 |  3.6
Charms         | 1 2 3 |  3.6
Summonings     | 1 2 3 |  3.6
Necromancy     | 1 2 3 |  3.6
Translocations | 1 2 3 |  3.6
Transmutations | 1 2 3 |  3.6
Fire Magic     | 1 2 3 |  3.6
Ice Magic      | 1 2 3 |  3.6
Air Magic      | 1 2 3 |  3.6
Earth Magic    | 1 2 3 |  3.6
Poison Magic   | 1 2 3 |  3.6
Bows           | 3 4 5 |  5.2
Armour         | 3 4 5 |  5.2
Evocations     | 3 4 5 |  5.2
Stealth        | 3 4 5 |  5.1
Fighting       | 7 8 |  8.0
Long Blades    | 7 8 |  8.0

Action                   |  1- 3 |  4- 6 |  7- 9 || total
-------------------------+-------+-------+-------++-------
Melee: Falchion          |    70 |    45 |       ||   115
       Bite              |     4 |    14 |    30 ||    48
       Punch             |       |     1 |     5 ||     6
       Spear             |       |   125 |   278 ||   403
 Fire: Shortbow          |       |    10 |       ||    10
  Use: Potion            |     1 |     1 |       ||     2
       Scroll            |       |       |     7 ||     7
 Stab: Sleeping          |     5 |    12 |     8 ||    25
       Distracted        |       |       |     1 ||     1
  Eat: Chunk             |       |     7 |    16 ||    23
Armor: Robe              |     8 |    18 |    15 ||    41
       Skin              |    19 |       |       ||    19
Dodge: Dodged            |    27 |    77 |   152 ||   256
       Rpst.: Falchion   |     9 |     9 |       ||    18
